 Dungeon Crawl Stone Soup version 0.29.1-1-gd02db6906a (webtiles) character file.

Game seed: 1597265019773323032

28 EvilAshe the Covered (level 3, 0/12 (33) HPs)
             Began as a Meteoran Fighter on Oct 1, 2022.
             Killed from afar by Natasha (12 damage)
             ... with a bolt of light
             ... on level 2 of the Dungeon.
             The game lasted 00:02:30 (1073 turns).

EvilAshe the Covered (Meteoran Fighter)             Turns: 1073, Time: 00:02:31

HP:   0/12 (33)     AC:  7    Str: 20    XL:     3   Next: 47%
MP:   4/4           EV:  9    Int:  9    God:
Gold: 49            SH:  5    Dex: 13    Spells: 2/2 levels left

rFire   . . .      SeeInvis .   a - +0 flail
rCold   . . .      Faith    .   c - +0 buckler
rNeg    . . .      Spirit   .   b - +0 scale mail
rPois   .          Reflect  .   (no helmet)
rElec   .          Harm     .   (no cloak)
rCorr   .          Rampage  .   (no gloves)
Will    .....                   (no boots)
Stlth   ..........              (no amulet)
HPRegen 0.04/turn               (no ring)
MPRegen 0.09/turn               (no ring)

@: glowing, extremely drained
A: sense surroundings 1, otherworldly, glowing, explore regen
a: no special abilities


You were on level 2 of the Dungeon.
You visited 1 branch of the dungeon, and saw 2 of its levels.

You collected 49 gold pieces.

Inventory:

Hand Weapons
 a - a +0 flail (weapon)
Armour
 b - a +0 scale mail (worn)
 c - a +0 buckler (worn)
Jewellery
 k - a ring of magical power
Scrolls
 f - 2 scrolls of identify {unknown}
 g - a scroll of enchant weapon {unknown}
 h - a scroll of butterflies {unknown}
 i - a scroll of amnesia {unknown}
 j - a scroll of silence {unknown}
Potions
 d - a potion of might
 e - 2 potions of curing {unknown}


   Skills:
 + Level 3.6 Fighting
 * Level 3.8 Maces & Flails
 + Level 4.0 Armour
 - Level 3.6 Shields


You had 2 spell levels left.
You didn't know any spells.
Your spell library contained the following spells:

 Spells                   Type           Power      Damage    Failure   Level
 Sublimation of Blood     Necr           0%         N/A       92%         2
 Wereblood                Tmut           0%         N/A       92%         2
 Summon Hydra             Summ           0%         N/A       100%        7


Dungeon Overview and Level Annotations

Branches:
Dungeon (2/15) Zot: 509

Altars:

Shops:
D:2 *

Annotations:
D:2 Natasha


Innate Abilities, Weirdness & Mutations

You passively map a small area around you.
You are easily found by Zot.
You glow in the dark.
You regain HP and MP as you explore.


Message History

Found a stone staircase leading down.
A ball python comes into view.
The ball python hisses angrily.
The ball python moves out of view.
You barely miss the ball python. The ball python closely misses you.
You block the ball python's attack.
You barely miss the ball python.
The ball python bites you but does no damage.
You block the ball python's attack.
The ball python bites you but does no damage.
You block the ball python's attack.
You sock the ball python!
You kill the ball python!
You see here a ball python corpse.
A ball python comes into view.
You barely miss the ball python. The ball python closely misses you.
The ball python grabs you. The ball python constricts you.
You hit the ball python but do no damage.
The ball python bites you but does no damage.
The ball python constricts you. The ball python barely misses you.
The ball python constricts you.
You hit the ball python but do no damage.
The ball python barely misses you. The ball python constricts you.
You closely miss the ball python. The ball python barely misses you.
The ball python constricts you.
The ball python bites you but does no damage.
The ball python constricts you.
You closely miss the ball python.
The ball python bites you but does no damage.
The ball python constricts you.
You hit the ball python.
You kill the ball python!
Natasha, Servant of Life and Death comes into view.
She is carrying a wand of light (11).
Found a stone staircase leading down.
Natasha hisses angrily.
A hobgoblin comes into view.
The hobgoblin shouts!
Natasha zaps a wand.
The bolt of light hits you!
Ouch! That really hurt!
You die...

##..##........# , *
........>...#.# ..... *
..>.........#.. #.....
............##.##......
.....####.#..........>.
.....# #..##.........,
...#.###.#####...... ,
...#.....†..###..###
.......##.......@..# ,
...##...........#.....#
.#.##..#....###...h...#
##....#.....# #.....g.#
........#####
#.###..... ......#####.
,..# #.##. *
#........... #.# *.#
........##.# #.# ,# ,
#..........# *.# *


You could see Natasha and a hobgoblin.

Vanquished Creatures
  A dart slug (D:1)
  2 bats (D:2)
  An endoplasm (D:1)
  4 goblins (D:1)
  3 hobgoblins
  3 jackals (D:1)
  A quokka (D:1)
  2 ball pythons (D:2)
  2 frilled lizards (D:1)
  3 rats
22 creatures vanquished.

Notes
Turn   | Place    | Note
-------+----------+-------------------------------------------
     0 | D:1      | EvilAshe the Meteoran Fighter began the quest for the Orb.
     0 | D:1      | Reached XP level 1. HP: 19/19 MP: 2/2
   248 | D:1      | Reached XP level 2. HP: 23/26 MP: 3/3
   491 | D:1      | Glimpsed the power of Zot.
   540 | D:1      | Glimpsed the power of Zot.
   580 | D:1      | Glimpsed the power of Zot.
   590 | D:1      | Touched by the power of Zot.
   686 | D:1      | Reached XP level 3. HP: 20/20 MP: 4/4
   690 | D:1      | Glimpsed the power of Zot.
   740 | D:1      | Glimpsed the power of Zot.
   779 | D:1      | Glimpsed the power of Zot.
   789 | D:1      | Touched by the power of Zot.
   889 | D:1      | Glimpsed the power of Zot.
   939 | D:1      | Glimpsed the power of Zot.
   966 | D:2      | Reached skill level 4 in Armour
  1013 | D:2      | Found Pink's Assorted Antiques.
  1071 | D:2      | Noticed Natasha
  1073 | D:2      | Killed from afar by Natasha

Illustrated notes

Levels and vault maps discovered:
D:1:      spicycebolla_green_bress_n_ham_2, layout_basic
D:2:      layout_rooms, serial_shops,
          nicolae_shop_temple_entry_statues_fountains, uniq_natasha

Skill      XL: |  1  2  3 |
---------------+----------+-----
Maces & Flails | 3 |  3.8
Armour         | 4 |  4.0
Fighting       | |  3.6
Shields        | |  3.6

Action                   || total
-------------------------++-------
Melee: Flail             ||    64
Armor: Scale mail        ||    35
Dodge: Dodged            ||    21
Block: Buckler           ||    16
